cohdb
Replays
Latest Replays
All Replays
Popular Replays
Top Player Replays
Match Explorer
How It Works
Community
CoH3 Stats
Reddit
Sign in to upload your games and track your stats! →
Sign in with Steam
Match 44100399
Unlisted
Match 44100399
Overview
Messages
Build Orders
End
Panzergrenadier Squad
250 Light Carrier
Selects Italian Infantry
Panzergrenadier Squad
Construct Light Support Kompanie
MG34 Team
2.5-tonne Medical Truck
Selects Defensive Operations
Fire Support Elements
le.IG 18 Support Gun Team
Pak 38 Anti-tank Gun Team
Selects Guastatori Squad
Guastatori Squad
Construct Panzerarmee Kommand
Walking Stuka Rocket Launcher
Panzerpioneer Squad
Selects Territory Booby Traps
Selects Obice 305mm Barrage
Walking Stuka Rocket Launcher
ChiaboiC
catmeme71
Vandron
finneranbilly
Thicc Bib Fortuna
Terrible Tate
The Dread Pirate Roberts
gUi
0
0
Comments
sign in to comment!
No comments posted yet!